AoeStats
← marius.zwei91

Arabian Desert

510375733Analyzed
1v1 RM · 2d ago on Sep 30, 2026· 25m 57s· 2 players
Game mode
Random Map
Map size
Tiny (2 player)
Population
200
Speed
Normal
Resources
Standard
Victory
Conquest
Starting age
Dark Age
Ending age
Imperial Age
RankedLock teamsTeams togetherTeam positionsShared explorationLock speedFull tech treeHidden civsTurbo modeCheats
Victory
Defeat
🇩🇪 Goths · Germany
770
+15
🇨🇱 Portuguese · Chile
744
-36
marvergars
0:59 Loom
11:10 Feudal Age
21:42 Wheelbarrow
marius.zwei91
8:21 Loom
12:06 Feudal Age
18:02 Castle Age
16:29 Fletching
18:13 Crossbowman
19:33 Bodkin Arrow
21:03 Wheelbarrow
Connection lost

Rejoining the realm…

Still unreachable

The connection could not be restored.

Session expired

The server has moved on; the page needs a fresh start.